TOP OF THE 1ST |
Overland Park HS Triplets batting - Pitching for Spanish Fork HS : RHP Miguel Gómez
|
Pitching: RHP Miguel Gómez
|
|
Batting: LHB John Washington
|
0-0: Called Strike 0-1: Ground out 4-3 (Groundball, 4)
|
Batting: SHB John Kessler
|
0-0: Foul Ball, location: 2F 0-1: Ball 1-1: SINGLE (Line Drive, 89M)
|
Batting: RHB Manuel Espinosa
|
0-0: Ball 1-0: Called Strike 1-1: Swinging Strike 1-2: Foul Ball, location: 2F 1-2: Strikes out swinging
|
Batting: RHB Jesús Arévalo
|
0-0: Called Strike 0-1: Fly out, F3 (Popup, 3SF)
|
Top of the 1st over - 0 run(s), 1 hit(s), 0 error(s), 1 left on base; Overland Park HS 0 - Spanish Fork HS 0 |
BOTTOM OF THE 1ST |
Spanish Fork HS batting - Pitching for Overland Park HS Triplets : RHP Jim Grant
|
Pitching: RHP Jim Grant
|
|
Batting: RHB Gary Roberts
|
0-0: Ground out 1-3 (Groundball, 13)
|
Batting: LHB Greg MacCanish
|
0-0: Called Strike 0-1: SOLO HOME RUN (Flyball, 89XD), Distance : 395 ft
|
Batting: RHB Ron Newcombe
|
0-0: DOUBLE (Flyball, 78M)
|
Batting: RHB Jim Jones
|
0-0: Called Strike 0-1: Foul Ball, location: 2F 0-2: Ball 1-2: Ball 2-2: Ball 3-2: Ground out 4-3 (Groundball, 34) Ron Newcombe to third
|
Batting: RHB Steve Myers
|
0-0: Foul Ball, location: 2F 0-1: Ball 1-1: Ball 2-1: SINGLE (Groundball, 34D) Ron Newcombe scores
|
Batting: RHB Chester Mullins
|
0-0: Ball 1-0: Called Strike 1-1: Ball 2-1: Swinging Strike 2-2: Strikes out swinging
|
Bottom of the 1st over - 2 run(s), 3 hit(s), 0 error(s), 1 left on base; Overland Park HS 0 - Spanish Fork HS 2 |
TOP OF THE 2ND |
Overland Park HS Triplets batting - Pitching for Spanish Fork HS : RHP Miguel Gómez
|
Batting: RHB Edgardo Morales
|
0-0: Ball 1-0: Ball 2-0: Ball 3-0: Called Strike 3-1: Swinging Strike 3-2: Strikes out swinging
|
Batting: RHB Simon Plante
|
0-0: Ball 1-0: Ball 2-0: Ball 3-0: Base on Balls
|
Batting: RHB Nicolas Fillion
|
0-0: Ball 1-0: Called Strike Simon Plante is caught stealing 2nd base 1-1: Ball 2-1: Foul Ball, location: 2F 2-2: Strikes out swinging
|
Top of the 2nd over - 0 run(s), 0 hit(s), 0 error(s), 0 left on base; Overland Park HS 0 - Spanish Fork HS 2 |
BOTTOM OF THE 2ND |
Spanish Fork HS batting - Pitching for Overland Park HS Triplets : RHP Jim Grant
|
Batting: RHB Julius Shelton
|
0-0: Ball 1-0: Ground out 5-3 (Groundball, 5)
|
Batting: RHB Billy Forbes
|
0-0: Ball 1-0: SINGLE (Line Drive, 34D)
|
Batting: LHB Joe Joyce
|
0-0: Called Strike Billy Forbes steals 2nd base 0-1: Ball 1-1: Ball 2-1: 2-RUN HOME RUN (Line Drive, 9LD), Distance : 345 ft
|
Batting: RHB Gary Roberts
|
0-0: Called Strike 0-1: Ball 1-1: Swinging Strike 1-2: SINGLE (Flyball, 7S)
|
Batting: LHB Greg MacCanish
|
0-0: SINGLE (Line Drive, 9LS) Gary Roberts to second
|
Batting: RHB Ron Newcombe
|
0-0: Called Strike 0-1: Ball 1-1: Called Strike 1-2: Ball 2-2: Ball 3-2: Strikes out swinging
|
Batting: RHB Jim Jones
|
0-0: Ground out 6-3 (Groundball, 6)
|
Bottom of the 2nd over - 2 run(s), 4 hit(s), 0 error(s), 2 left on base; Overland Park HS 0 - Spanish Fork HS 4 |
TOP OF THE 3RD |
Overland Park HS Triplets batting - Pitching for Spanish Fork HS : RHP Miguel Gómez
|
Batting: RHB Preston Church
|
0-0: Called Strike 0-1: Ball 1-1: Called Strike 1-2: DOUBLE (Groundball, 5L)
|
Batting: RHB Lorne McClain
|
0-0: Reached on error, E5 (Groundball, 56S) Preston Church to third
|
Batting: LHB John Washington
|
0-0: Foul Ball, location: 2F 0-1: Ball 1-1: SINGLE (Groundball, 3L) Preston Church scores Lorne McClain to second Runner from 2nd tries for 3rd, SAFE, throw made to third
|
Batting: SHB John Kessler
|
0-0: Swinging Strike 0-1: Ball 1-1: Ball Wild Pitch! Lorne McClain scores John Washington to second 2-1: Ground out 4-3 (Groundball, 13) John Washington to third
|
Batting: RHB Manuel Espinosa
|
0-0: Ground out 6-3 (Groundball, 6S) John Washington scores
|
Batting: RHB Jesús Arévalo
|
0-0: Foul Ball, location: 2F 0-1: Ball 1-1: Ground out 6-3 (Groundball, 6M)
|
Top of the 3rd over - 3 run(s), 2 hit(s), 1 error(s), 0 left on base; Overland Park HS 3 - Spanish Fork HS 4 |
BOTTOM OF THE 3RD |
Spanish Fork HS batting - Pitching for Overland Park HS Triplets : RHP Jim Grant
|
Batting: RHB Steve Myers
|
0-0: SINGLE (Groundball, 4MD)
|
Batting: RHB Chester Mullins
|
0-0: Ball Passed Ball! Steve Myers to second 1-0: Ball 2-0: Fly out, F8 (Line Drive, 8RD)
|
Batting: RHB Julius Shelton
|
0-0: Fly out, F9 (Flyball, 9S)
|
Batting: RHB Billy Forbes
|
0-0: Ball 1-0: Ball 2-0: Foul Ball, location: 2F 2-1: Swinging Strike 2-2: Foul Ball, location: 2F 2-2: Foul Ball, location: 2F 2-2: Strikes out swinging
|
Bottom of the 3rd over - 0 run(s), 1 hit(s), 0 error(s), 1 left on base; Overland Park HS 3 - Spanish Fork HS 4 |
TOP OF THE 4TH |
Overland Park HS Triplets batting - Pitching for Spanish Fork HS : RHP Miguel Gómez
|
Batting: RHB Edgardo Morales
|
0-0: Called Strike 0-1: Ball 1-1: Ball 2-1: Ball 3-1: Called Strike 3-2: Fly out, F7 (Flyball, 78M)
|
Batting: RHB Simon Plante
|
0-0: Hit by Pitch
|
Batting: RHB Nicolas Fillion
|
0-0: Ball 1-0: Foul Ball, location: 2F 1-1: Called Strike 1-2: Foul Ball, location: 2F 1-2: Ball 2-2: Strikes out swinging
|
Batting: RHB Preston Church
|
0-0: Called Strike 0-1: Ball 1-1: Called Strike 1-2: Strikes out swinging
|
Top of the 4th over - 0 run(s), 0 hit(s), 0 error(s), 1 left on base; Overland Park HS 3 - Spanish Fork HS 4 |
BOTTOM OF THE 4TH |
Spanish Fork HS batting - Pitching for Overland Park HS Triplets : RHP Jim Grant
|
Batting: LHB Joe Joyce
|
0-0: Ball 1-0: Called Strike 1-1: DOUBLE (Flyball, 8LM)
|
Batting: RHB Gary Roberts
|
0-0: Foul Ball, location: 2F 0-1: Foul Ball, location: 2F 0-2: Ball 1-2: SINGLE (Groundball, 4MD) Joe Joyce to third
|
Batting: LHB Greg MacCanish
|
0-0: Ball 1-0: Ball 2-0: Foul Ball, location: 2F 2-1: Ball 3-1: Called Strike 3-2: Foul Ball, location: 2F 3-2: DOUBLE (Groundball, 3L) Joe Joyce scores Gary Roberts to third Gary Roberts scores
|
Batting: RHB Ron Newcombe
|
0-0: Ball 1-0: Foul Ball, location: 2F 1-1: Foul Ball, location: 2F 1-2: Ball 2-2: Ball 3-2: Foul Ball, location: 2F 3-2: Foul Ball, location: 2F 3-2: Base on Balls
|
Batting: RHB Jim Jones
|
0-0: Ball 1-0: Called Strike 1-1: Ground out U3 (Groundball, 3S) Greg MacCanish to third Ron Newcombe to second
|
Batting: RHB Steve Myers
|
0-0: Ball 1-0: Ball 2-0: Swinging Strike 2-1: Ball 3-1: Base on Balls
|
Pitching: RHP Dale Kelley
|
|
Batting: RHB Chester Mullins
|
0-0: Fly out, F6 (Popup, 4M)
|
Batting: RHB Julius Shelton
|
0-0: DOUBLE (Flyball, 9LM) Greg MacCanish scores Ron Newcombe scores Steve Myers to third Runner from 3rd tries for Home, SAFE, no throw or cutoff
|
Batting: RHB Billy Forbes
|
0-0: Ball 1-0: Ball Wild Pitch! Julius Shelton to third 2-0: Called Strike 2-1: Fly out, F8 (Flyball, 8LM)
|
Bottom of the 4th over - 5 run(s), 4 hit(s), 0 error(s), 1 left on base; Overland Park HS 3 - Spanish Fork HS 9 |
TOP OF THE 5TH |
Overland Park HS Triplets batting - Pitching for Spanish Fork HS : RHP Miguel Gómez
|
Batting: RHB Lorne McClain
|
0-0: Called Strike 0-1: Ball 1-1: Ball 2-1: Ball 3-1: Foul Ball, location: 2F 3-2: Foul Ball, location: 2F 3-2: Base on Balls
|
Batting: LHB John Washington
|
0-0: DOUBLE (Line Drive, 5L) Lorne McClain to third Runner from 3rd tries for Home, SAFE, throw made at trailing runner, SAFE at third!
|
Batting: SHB John Kessler
|
0-0: Ground out 4-3 (Groundball, 4) John Washington scores
|
Batting: RHB Manuel Espinosa
|
0-0: Hit by Pitch
|
Batting: RHB Jesús Arévalo
|
0-0: Foul Ball, location: 2F 0-1: Ball 1-1: Ball Manuel Espinosa steals 2nd base 2-1: Ball 3-1: Ground out 6-3 (Groundball, 6)
|
Batting: RHB Edgardo Morales
|
0-0: Ball 1-0: Ground out 5-3 (Groundball, 56)
|
Top of the 5th over - 2 run(s), 1 hit(s), 0 error(s), 1 left on base; Overland Park HS 5 - Spanish Fork HS 9 |
BOTTOM OF THE 5TH |
Spanish Fork HS batting - Pitching for Overland Park HS Triplets : RHP Dale Kelley
|
Batting: LHB Joe Joyce
|
0-0: Called Strike 0-1: DOUBLE (Groundball, 3L)
|
Batting: RHB Gary Roberts
|
0-0: Ball 1-0: Called Strike 1-1: Foul Ball, location: 2F 1-2: Ground out 1-3 (Groundball, 15)
|
Batting: LHB Greg MacCanish
|
0-0: Foul Ball, location: 2F 0-1: Ball 1-1: Ball 2-1: Called Strike 2-2: Foul Ball, location: 2F 2-2: Ball 3-2: Base on Balls
|
Batting: RHB Ron Newcombe
|
0-0: Ball 1-0: Called Strike 1-1: Ball 2-1: Fly out, F9 (Flyball, 9D) Runner from 2nd tags up, SAFE at 3rd, no throw
|
Batting: RHB Jim Jones
|
0-0: Fly out, F8 (Flyball, 8RM)
|
Bottom of the 5th over - 0 run(s), 1 hit(s), 0 error(s), 2 left on base; Overland Park HS 5 - Spanish Fork HS 9 |
TOP OF THE 6TH |
Overland Park HS Triplets batting - Pitching for Spanish Fork HS : RHP Miguel Gómez
|
Batting: RHB Simon Plante
|
0-0: Ball 1-0: Called Strike 1-1: Ball 2-1: SINGLE (Line Drive, 8RS)
|
Pitching: LHP Keith Jackson
|
|
Batting: RHB Nicolas Fillion
|
0-0: Called Strike 0-1: DOUBLE (Flyball, 89D) Simon Plante to third
|
Batting: RHB Preston Church
|
0-0: Ball 1-0: Called Strike 1-1: Ball 2-1: Ball 3-1: Swinging Strike 3-2: Strikes out swinging
|
Batting: RHB Lorne McClain
|
0-0: Called Strike 0-1: Called Strike 0-2: Foul Ball, location: 2F 0-2: Ball 1-2: Strikes out looking
|
Batting: LHB John Washington
|
0-0: Ball 1-0: Ball 2-0: 3-RUN HOME RUN (Flyball, 89XD), Distance : 389 ft
|
Batting: SHB John Kessler
|
0-0: Ball 1-0: Ground out 6-3 (Groundball, 6M)
|
Top of the 6th over - 3 run(s), 3 hit(s), 0 error(s), 0 left on base; Overland Park HS 8 - Spanish Fork HS 9 |
BOTTOM OF THE 6TH |
Spanish Fork HS batting - Pitching for Overland Park HS Triplets : RHP Dale Kelley
|
Batting: RHB Steve Myers
|
0-0: Called Strike 0-1: Ball 1-1: Ball 2-1: Foul Ball, location: 2F 2-2: Foul Ball, location: 2F 2-2: Ball 3-2: Foul Ball, location: 2F 3-2: Base on Balls
|
Batting: RHB Chester Mullins
|
0-0: Called Strike 0-1: Ball 1-1: Called Strike 1-2: Ball 2-2: Ball 3-2: Strikes out looking
|
Batting: RHB Julius Shelton
|
0-0: Ball 1-0: Grounds into double play, 1-6-3 (Groundball, 23)
|
Bottom of the 6th over - 0 run(s), 0 hit(s), 0 error(s), 0 left on base; Overland Park HS 8 - Spanish Fork HS 9 |
TOP OF THE 7TH |
Overland Park HS Triplets batting - Pitching for Spanish Fork HS : LHP Keith Jackson
|
Batting: RHB Manuel Espinosa
|
0-0: SINGLE (Flyball, 8RS)
|
Batting: RHB Jesús Arévalo
|
0-0: Ball Throwing error on steal attempt, E2 Manuel Espinosa to third 1-0: Called Strike 1-1: Foul Ball, location: 2F 1-2: Strikes out swinging
|
Batting: RHB Edgardo Morales
|
0-0: Ball 1-0: Ball 2-0: Foul Ball, location: 2F 2-1: Called Strike 2-2: Hit by Pitch
|
Batting: RHB Simon Plante
|
0-0: Ball 1-0: Foul Ball, location: 2F 1-1: Called Strike 1-2: Strikes out swinging
|
Batting: RHB Nicolas Fillion
|
0-0: Ball 1-0: Ball 2-0: Fly out, F7 (Flyball, 7M)
|
Top of the 7th over - 0 run(s), 1 hit(s), 1 error(s), 2 left on base; Overland Park HS 8 - Spanish Fork HS 9 |
BOTTOM OF THE 7TH |
Spanish Fork HS batting - Pitching for Overland Park HS Triplets : RHP Dale Kelley
|
Pitching: RHP Tom Skiffington
|
|
Batting: RHB Billy Forbes
|
0-0: Ball 1-0: Ball 2-0: Foul Ball, location: 2F 2-1: Ground out 6-3 (Groundball, 56)
|
Batting: LHB Joe Joyce
|
0-0: Ball 1-0: Called Strike 1-1: Fly out, F4 (Popup, 4M)
|
Batting: RHB Gary Roberts
|
0-0: Foul Ball, location: 2F 0-1: Called Strike 0-2: Foul Ball, location: 2F 0-2: Strikes out swinging
|
Bottom of the 7th over - 0 run(s), 0 hit(s), 0 error(s), 0 left on base; Overland Park HS 8 - Spanish Fork HS 9 |
TOP OF THE 8TH |
Overland Park HS Triplets batting - Pitching for Spanish Fork HS : LHP Keith Jackson
|
Pitching: RHP Carl Cook
|
|
Batting: RHB Preston Church
|
0-0: Called Strike 0-1: Foul Ball, location: 2F 0-2: Ball 1-2: Strikes out swinging
|
Pitching: RHP Wade Sweeny
|
|
Batting: RHB Lorne McClain
|
0-0: Called Strike 0-1: SINGLE (Line Drive, 8RS)
|
Pitching: LHP Thomas Cole
|
|
Batting: LHB John Washington
|
0-0: SINGLE (Line Drive, 6M) Lorne McClain to second
|
Pitching: RHP Samuel Simmons
|
|
Batting: SHB John Kessler
|
0-0: Called Strike 0-1: Ball 1-1: Called Strike 1-2: Ball 2-2: Strikes out swinging
|
Batting: RHB Manuel Espinosa
|
0-0: Called Strike 0-1: Fly out, F8 (Flyball, 8LM)
|
Top of the 8th over - 0 run(s), 2 hit(s), 0 error(s), 2 left on base; Overland Park HS 8 - Spanish Fork HS 9 |
BOTTOM OF THE 8TH |
Spanish Fork HS batting - Pitching for Overland Park HS Triplets : RHP Tom Skiffington
|
Batting: LHB Greg MacCanish
|
0-0: Called Strike 0-1: Hit by Pitch
|
Batting: RHB Ron Newcombe
|
0-0: Swinging Strike 0-1: Ball 1-1: Fielders Choice at 2nd, 5-4 (Groundball, 56)
|
Batting: RHB Jim Jones
|
0-0: Grounds into double play, 4-6-3 (Groundball, 4)
|
Bottom of the 8th over - 0 run(s), 0 hit(s), 0 error(s), 0 left on base; Overland Park HS 8 - Spanish Fork HS 9 |
TOP OF THE 9TH |
Overland Park HS Triplets batting - Pitching for Spanish Fork HS : RHP Samuel Simmons
|
Pitching: LHP Bob Taylor
|
|
Batting: RHB Jesús Arévalo
|
0-0: SINGLE (Groundball, 56D)
|
Batting: RHB Edgardo Morales
|
0-0: Ball 1-0: Swinging Strike 1-1: Ball 2-1: Foul Ball, location: 2F 2-2: Foul Ball, location: 2F 2-2: Ball 3-2: Foul Ball, location: 2F 3-2: Base on Balls Jesús Arévalo to second
|
Batting: RHB Simon Plante
|
0-0: SINGLE (Line Drive, 89S) Jesús Arévalo to third Edgardo Morales to second
|
Batting: RHB Nicolas Fillion
|
0-0: Called Strike 0-1: Fly out, F9 (Flyball, 9M) Runner from 3rd tags up, SCORES, throw made
|
Batting: RHB Preston Church
|
0-0: SINGLE (Line Drive, 8LS) Edgardo Morales to third Simon Plante to second Runner from 3rd tries for Home, SAFE, no throw or cutoff
|
Pinch Hitting: RHB T.J. Kaufman
|
0-0: Called Strike 0-1: Ball 1-1: Ball 2-1: Ball Simon Plante steals 3rd base Preston Church to second 3-1: Intentional Walk
|
Batting: LHB John Washington
|
0-0: Ball 1-0: Called Strike 1-1: Swinging Strike 1-2: Strikes out swinging
|
Batting: SHB John Kessler
|
0-0: Ball 1-0: Called Strike 1-1: Swinging Strike 1-2: Strikes out swinging
|
Top of the 9th over - 2 run(s), 3 hit(s), 0 error(s), 3 left on base; Overland Park HS 10 - Spanish Fork HS 9 |
BOTTOM OF THE 9TH |
Spanish Fork HS batting - Pitching for Overland Park HS Triplets : RHP Tom Skiffington
|
Pitching: RHP Cecil De La Garza
|
|
Now at 2B: Matt Bascombe
|
|
Batting: RHB Steve Myers
|
0-0: Called Strike 0-1: Swinging Strike 0-2: Strikes out looking
|
Batting: RHB Chester Mullins
|
0-0: Ball 1-0: Called Strike 1-1: Ground out 6-3 (Groundball, 6)
|
Batting: RHB Julius Shelton
|
0-0: SINGLE (Line Drive, 4D)
|
Batting: RHB Billy Forbes
|
0-0: Ball 1-0: Called Strike 1-1: Fly out, F4 (Popup, 4D)
|
Bottom of the 9th over - 0 run(s), 1 hit(s), 0 error(s), 1 left on base; Overland Park HS 10 - Spanish Fork HS 9 |
|